 Dungeon Crawl Stone Soup version 0.31-a0-466-g98c9adc2b6 (webtiles) character file.

Game seed: 17619232032697556286

122 HallandMoats the Trooper (level 4, -1/37 HPs)
             Began as a Demonspawn Fighter on Aug 5, 2023.
             Slain by an iguana (12 damage)
             ... on level 4 of the Dungeon.
             The game lasted 00:02:21 (1156 turns).

HallandMoats the Trooper (Demonspawn Fighter)       Turns: 1156, Time: 00:02:22

Health: -1/37      AC:  6    Str: 16    XL:     4   Next: 78%
Magic:  6/6        EV:  8    Int: 11    God:
Gold:   91         SH:  4    Dex: 13    Spells: 3/3 levels left

rFire   . . .        a - +1 war axe (drain)
rCold   . . .        c - +0 buckler
rNeg    . . .        b - +0 scale mail
rPois   .            (no helmet)
rElec   .            (no cloak)
rCorr   .            (no gloves)
SInv    .            (no boots)
Will    .....        f - amulet of the acrobat Stlth
                     (no ring)
HPRegen 0.26/turn    (no ring)
MPRegen 0.10/turn

%: acrobat
@: no status effects
A: powered by pain 1
a: no special abilities


You were on level 4 of the Dungeon.
You visited 1 branch of the dungeon, and saw 3 of its levels.

You collected 91 gold pieces.

Inventory:

Hand Weapons
 a - a +1 war axe of draining (weapon)
Armour
 b - a +0 scale mail (worn)
 c - a +0 buckler (worn)
Jewellery
 f - an amulet of the acrobat (around neck)
Scrolls
 e - a scroll of vulnerability
 g - a scroll of identify
Potions
 d - a potion of might
 h - 2 potions of mutation {unknown}
 j - a potion of magic {unknown}


   Skills:
 + Level 4.0 Fighting
 + Level 3.0 Axes
 - Level 2.6 Armour
 - Level 2.6 Shields
 + Level 3.2 Invocations


You had 3 spell levels left.
You didn't know any spells.
Your spell library was empty.

Dungeon Overview and Level Annotations

Branches:
Dungeon (2/15)

Altars:


Innate Abilities, Weirdness & Mutations

You sometimes gain a little power by taking damage.


Message History

Your Fighting skill increases to level 4!
Unknown command.
You miss the goblin. You barely miss the hobgoblin.
The goblin closely misses you. You block the hobgoblin's attack.
The goblin hits you but does no damage. The hobgoblin hits you.
Unknown command.
You hit the goblin.
The goblin is severely wounded.
You hit the hobgoblin.
You kill the hobgoblin!
You block the goblin's attack.
You hit the goblin.
You kill the goblin!
You hit the goblin.
You kill the goblin!
The hobgoblin barely misses you. The goblin hits you but does no damage.
Your Axes skill increases to level 3!
Unknown command.
Unknown command.
You completely miss the goblin. You hit the hobgoblin. The hobgoblin hits you.
The goblin hits you but does no damage.
Unknown command.
You hit the goblin.
You kill the goblin!
You slash the hobgoblin!
You kill the hobgoblin!
Unknown command.
You closely miss the goblin. You slash the goblin!
You kill the goblin!
The goblin hits you with a +0 dagger. x2; The iguana barely misses you.
Unknown command.
You closely miss the goblin. You hit the iguana.
The goblin hits you but does no damage. You block the iguana's attack.
Unknown command.
You barely miss the goblin. You completely miss the iguana.
The goblin completely misses you. The iguana bites you.
The goblin hits you with a +0 dagger.
* * * LOW HITPOINT WARNING * * *
The iguana bites you!
You die...

#.#........
#######
#.#........
#.'>.......
######........
#.............
####.#########
#...# ..
###.###.#
#.)@g.#
####l.....$
.####.# .. ...
.... ....#
....#


You could see an iguana and a goblin (strong).

Vanquished Creatures
  A jelly (D:4)
  An iguana (D:4)
  Robin (D:4)
  A dart slug (D:4)
  A bat (D:1)
  5 endoplasms
  4 giant cockroaches
  10 goblins
  6 hobgoblins
  5 jackals
  A ball python (D:1)
  6 frilled lizards (D:1)
  3 kobolds (D:1)
  3 rats (D:1)
48 creatures vanquished.

Notes
Turn   | Place    | Note
-------+----------+-------------------------------------------
     0 | D:1      | HallandMoats the Demonspawn Fighter began the quest for the
                  | Orb.
     0 | D:1      | Reached XP level 1. HP: 18/18 MP: 1/1
   139 | D:1      | Reached skill level 1 in Invocations
   200 | D:1      | Gained mutation: You sometimes gain a little power by
                  | taking damage. [demonic ancestry]
   200 | D:1      | Reached XP level 2. HP: 24/24 MP: 2/2
   535 | D:1      | Reached XP level 3. HP: 29/29 MP: 4/4
   919 | D:2      | You fall into a shaft and drop 2 floors!
  1018 | D:4      | Reached XP level 4. HP: 37/37 MP: 4/6
  1143 | D:4      | Noticed Robin
  1148 | D:4      | Killed Robin
  1149 | D:4      | Reached skill level 4 in Fighting
  1156 | D:4      | Slain by an iguana

Illustrated notes

Levels and vault maps discovered:
D:1:      elethiomel_arrival_infinity_welcomes_careful_drivers,
          layout_loops_ring
D:2:      layout_basic, serial_shops, shop, shop, shop, nicolae_shop_waterfront
D:4:      layout_basic, mainiacjoe_overflow_chevrons, serial_park_tiny_pond,
          minivault_25, minivault_27, uniq_robin, uniq_eustachio

Skill      XL: |  1  2  3  4 |
---------------+-------------+-----
Axes           | 2 3 |  3.0
Invocations    | 1 2 3 |  3.2
Fighting       | 4 |  4.0
Armour         | |  2.6
Shields        | |  2.6

Action                     |  1- 3 |  4- 6 || total
---------------------------+-------+-------++-------
  Melee: War axe           |   122 |    19 ||   141
    Use: Scroll            |     5 |       ||     5
 Armour: Scale mail        |    58 |    14 ||    72
  Dodge: Dodged            |    72 |     8 ||    80
  Block: Buckler           |    32 |     8 ||    40

Table legend: (Time is in decaauts)
 A = Elapsed time spent in this place.
 B = Non-inter-level travel time spent in this place.
 C = Inter-level travel time spent in this place.
 D = Time resting spent in this place.
 E = Time spent auto-exploring this place.
 F = Levels seen in this place.
 G = Mean time per level.
                   A        B        C        D        E       F      G
               +--------+--------+--------+--------+--------+-----+--------+
         Total |   1215 |   1184 |     31 |      0 |    762 |   3 |  405.0 |
       Dungeon |   1215 |   1184 |     31 |      0 |    762 |   3 |  405.0 |
               +--------+--------+--------+--------+--------+-----+--------+

Top non-repeatable levels by time:
     D:1: 894 daAuts
     D:4: 248 daAuts
     D:2: 72 daAuts
